Map: Ulrena

Players

Saturas

  • Race: Protoss Protoss
  • Spawn Location: 7:00

zidar - Winner!

  • Race: Zerg Zerg
  • League: Silver
  • Spawn Location: 11:00

VOD

Have the link to the VOD?

Description

Time

  • Played on: Jan. 2, 2016, 3:05 p.m.
  • Length: 14:47
Show
View Real Time Build Order
Export as new Build Order

Saturas Protoss 

Build Orders:  

Get SALT Encoding   

  12  0:01  Probe (Chrono Boost)  
  13  0:13  Probe (Chrono Boost)  
  14  0:25  Probe (Chrono Boost), Pylon  
  15  0:43  Probe (Chrono Boost)  
  16  0:54  Probe (Chrono Boost)  
  17  1:14  Nexus  
  17  1:20  Gateway  
  17  1:25  Probe (Chrono Boost)  
  18  1:35  Assimilator  
  18  1:36  Probe (Chrono Boost)  
  18  1:39  Assimilator  
  19  1:52  Probe (Chrono Boost)  
  19  1:54  Pylon  
  20  2:02  Probe (Chrono Boost)  
  21  2:10  Cybernetics Core  
  21  2:13  Probe (Chrono Boost)  
  22  2:24  Probe (Chrono Boost)  
  23  2:30  Zealot  
  23  2:36  Probe x2 (Chrono Boost)  
  27  2:48  Mothership Core (Chrono Boost)  
  27  2:49  Warp Gate  
  29  2:57  Stalker  
  31  3:07  Probe (Chrono Boost)  
  31  3:08  Probe (Chrono Boost)  
  33  3:17  Probe (Chrono Boost)  
  33  3:19  Probe (Chrono Boost)  
  35  3:31  Nexus  
  35  3:33  Pylon  
  35  3:42  Pylon  
  35  3:48  Pylon  
  35  3:50  Probe (Chrono Boost)  
  35  3:52  Probe (Chrono Boost)  
  37  3:57  Pylon  
  37  4:01  Probe (Chrono Boost)  
  37  4:02  Probe (Chrono Boost)  
  39  4:06  Assimilator  
  39  4:10  Assimilator  
  39  4:13  Probe (Chrono Boost)  
  39  4:14  Adept  
  42  4:23  Probe (Chrono Boost)  
  43  4:26  Probe (Chrono Boost)  
  43  4:31  Robotics Facility  
  44  4:41  Gateway  
  44  4:45  Pylon  
  44  4:53  Gateway  
  44  5:07  Gateway  
  44  5:15  Gateway x2  
  44  5:16  Gateway  
  44  5:18  Observer  
  44  5:19  Twilight Council  
  44  5:20  Probe (Chrono Boost), Pylon  
  46  5:21  Probe (Chrono Boost)  
  47  5:31  Probe (Chrono Boost)  
  47  5:32  Probe (Chrono Boost)  
  49  5:36  Stalker  
  49  5:40  Stalker  
  54  5:42  Probe (Chrono Boost)  
  54  5:59  Probe (Chrono Boost)  
  54  6:01  Probe (Chrono Boost)  
  56  6:06  Blink (Chrono Boost)  
  56  6:09  Probe (Chrono Boost)  
  57  6:11  Probe (Chrono Boost)  
  57  6:13  Immortal  
  57  6:17  Pylon  
  62  6:20  Probe (Chrono Boost)  
  62  6:22  Probe (Chrono Boost)  
  64  6:28  Stalker x5  
  64  6:29  Stalker  
  64  6:31  Stalker  
  78  6:42  Probe  
  79  6:47  Probe  
  79  6:52  Probe, Immortal  
  79  6:53  Assimilator  
  85  6:55  Assimilator  
  85  6:58  Probe, Pylon  
  85  7:00  Gateway  
  86  7:01  Gateway  
  86  7:03  Probe  
  87  7:08  Probe  
  88  7:20  Forge x2  
  88  7:31  Immortal  
  92  8:16  Immortal (Chrono Boost)  
  95  8:32  Stargate  
  95  8:33  Pylon  
  95  8:37  Stalker x3  
  95  8:38  Stalker x4  
  95  8:40  Adept x2  
  113  8:46  Probe  
  114  8:49  Warp Prism (Chrono Boost)  
  114  8:52  Protoss Ground Weapons Level 1 (Chrono Boost), Protoss Ground Armor Level 1 (Chrono Boost)  
  116  8:57  Probe  
  116  8:59  Protoss Air Weapons Level 1  
  117  9:11  Stalker  
  117  9:12  Stalker x3  
  117  9:13  Zealot x3  
  117  9:14  Zealot  
  133  9:28  Pylon  
  133  9:30  Pylon  
  133  9:33  Pylon  
  133  9:36  Charge (Chrono Boost)  
  133  9:40  Pylon  
  133  9:51  Nexus  
  133  9:55  Zealot  
  133  9:56  Zealot x3  
  133  9:57  Zealot x2, Pylon  
  133  9:58  Zealot x3  
  151  10:01  Oracle  
  154  10:10  Immortal  
  158  10:24  Stalker  
  158  10:25  Stalker x3  
  158  10:27  Zealot x3  
  172  10:41  Pylon  
  172  10:44  Pylon  
  172  10:46  Assimilator  
  173  10:50  Observer, Assimilator  
  173  10:52  Pylon  
  173  10:57  Oracle  
  173  10:59  Stalker  
  173  11:00  Stalker  
  173  11:03  Stalker  
  173  11:04  Stalker  
  184  11:29  Templar Archives  
  181  13:20  Psionic Storm  
  173  13:39  Stalker x3  
  173  13:40  Stalker x3  
  159  13:41  Stalker x2  
  143  13:53  Stalker  
  71  14:20  Stalker x2  
  71  14:21  Stalker x3  
  71  14:22  Stalker x2  
  71  14:23  Stalker x2  
Show
View Real Time Build Order
Export as new Build Order

zidar Zerg - Winner!

Build Orders: Hatch First, Lurkers 

Get SALT Encoding   

  12  0:01  Drone  
  13  0:13  Overlord  
  13  0:17  Drone  
  14  0:31  Drone x2  
  16  0:37  Drone  
  17  0:55  Hatchery  
  17  0:56  Drone  
  17  1:12  Spawning Pool  
  17  1:14  Drone  
  17  1:47  Hatchery  
  17  1:49  Drone x3  
  19  2:02  Drone  
  19  2:04  Queen  
  22  2:13  Overlord  
  22  2:15  Overlord  
  22  2:28  Queen  
  24  2:40  Drone x4  
  28  2:47  Extractor  
  27  2:51  Queen  
  27  2:56  Overlord  
  29  3:10  Drone  
  29  3:11  Drone x4  
  35  3:12  Drone  
  35  3:16  Extractor  
  34  3:26  Roach Warren  
  33  3:31  Queen  
  35  3:50  Drone  
  35  3:51  Drone x9  
  45  4:00  Extractor x2  
  43  4:40  Roach  
  43  4:41  Roach x6  
  57  4:50  Overlord x3  
  57  4:58  Zergling x2  
  58  5:19  Lair  
  58  5:29  Evolution Chamber  
  58  5:30  Evolution Chamber  
  58  5:35  Drone x3  
  59  5:37  Drone x4  
  59  5:42  Drone x5  
  68  5:43  Drone x4  
  72  6:01  Roach x5  
  82  6:12  Overlord x2  
  82  6:15  Overlord  
  82  6:25  Extractor  
  81  6:28  Extractor  
  81  6:30  Zerg Ground Armor Level 1, Zerg Melee Weapons Level 1  
  80  6:33  Drone x5  
  80  6:37  Overseer  
  80  6:39  Drone  
  89  6:40  Drone x4  
  89  6:42  Ravager  
  89  6:45  Ravager  
  89  6:46  Ravager  
  94  6:47  Ravager  
  94  6:50  Overlord  
  94  6:51  Overlord  
  94  7:05  Hydralisk Den  
  94  7:08  Infestation Pit  
  92  7:12  Roach  
  92  7:13  Roach x10  
  114  7:15  Overlord  
  114  7:16  Overlord x3  
  114  7:40  Drone x4  
  114  7:43  Overlord  
  118  7:46  Hydralisk  
  118  7:47  Hydralisk x8  
  136  8:30  Zerg Ground Armor Level 2  
  136  8:31  Zerg Melee Weapons Level 2  
  136  8:34  Hive  
  136  8:36  Lurker Den  
  136  8:46  Roach x2  
  136  8:47  Hydralisk x2  
  146  8:48  Roach  
  146  8:49  Roach x4  
  146  8:53  Overlord x2  
  146  8:54  Overlord  
  154  9:11  Hatchery  
  153  9:27  Roach x7  
  153  9:28  Roach x2  
  171  9:31  Metabolic Boost  
  171  9:48  Hydralisk  
  171  9:49  Hydralisk x2  
  171  9:52  Overlord x2  
  177  9:53  Overlord x2  
  177  10:05  Ravager  
  178  10:36  Ultralisk Cavern  
  178  10:37  Muscular Augments  
  178  10:42  Lurker  
  178  10:43  Lurker x2  
  178  10:44  Lurker x2  
  178  10:48  Hydralisk x3  
  178  10:49  Hydralisk x6  
  200  11:07  Zerg Melee Weapons Level 3, Zerg Ground Armor Level 3  
  184  12:24  Chitinous Plating  
  169  12:55  Ultralisk  
  169  12:56  Ultralisk x2  
  169  12:57  Ultralisk x2  
  116  13:56  Zergling x28  
  116  13:57  Zergling x50  
Tags
 
Composition
Lurkers
League
Silver
Matchup
PvZ
Spawn Locations
Close Positions
Add a new tag
Caveats
  • Supply blocks, unpowered buildings, or Contaminate may cause inaccurate times.
  • Supply counts are checked every 10 seconds.